 Dungeon Crawl Stone Soup version 0.27.1-34-g3ba077fa99 (webtiles) character file.

Game seed: 17208375720096823612

334 Cykl0x the Slasher (level 6, 0/37 HPs)
             Began as a Gargoyle Gladiator on Jan 10, 2022.
             Slain by a scorpion (8 damage)
             ... on level 5 of the Dungeon.
             The game lasted 00:08:11 (3669 turns).

Cykl0x the Slasher (Gargoyle Gladiator)             Turns: 3669, Time: 00:08:12

Health: 0/37       AC: 12    Str: 20    XL:     6   Next: 53%
Magic:  6/6        EV: 10    Int:  8    God:
Gold:   105        SH:  0    Dex: 11    Spells: 5/5 levels left

rFire    . . .     SeeInvis .   a - +0 long sword (flame)
rCold    . . .     Faith    .   (no shield)
rNeg     + . .     Spirit   .   n - +0 scale mail
rPois    ∞         Reflect  .   c - +0 helmet
rElec    +         Harm     .   (no cloak)
rCorr    .         Rampage  .   (no gloves)
Will     .....                  (no boots)
Stlth    ..........             (no amulet)
HPRegen  0.12/turn              (no ring)
MPRegen  0.10/turn              (no ring)

@: attractive, studying Spellcasting
A: sickness immunity, AC +4, negative energy resistance 1, electricity
resistance, torment resistance 1, petrification resistance
a: no special abilities


You were on level 5 of the Dungeon.
You visited 1 branch of the dungeon, and saw 5 of its levels.

You collected 105 gold pieces.

Inventory:

Hand Weapons
 a - a +0 long sword of flaming (weapon)
Missiles
 d - 2 throwing nets
 e - 72 stones
 r - 5 poisoned darts (quivered)
Armour
 b - a +0 leather armour
 c - a +0 helmet (worn)
 h - a +0 ring mail
 i - a +0 chain mail
 n - a +0 scale mail (worn)
Wands
 q - a wand of digging (3)
Potions
 f - 3 potions of mutation
 j - a potion of berserk rage {unknown}
 m - a potion of attraction
 s - a potion of curing {unknown}


   Skills:
 + Level 3.0 Fighting
 + Level 4.6 Long Blades
 + Level 2.6 Throwing
 * Level 3.5 Armour
 + Level 2.8 Dodging


You had 5 spell levels left.
You didn't know any spells.
Your spell library was empty.

Dungeon Overview and Level Annotations

Branches:
Dungeon (4/15)             Temple (0/1) D:5

Altars:
Beogh

Shops:
D:5 [


Innate Abilities, Weirdness & Mutations

You are immune to sickness and miasma.
Your stone body is resilient. (AC +4)
You are immune to poison.
You resist negative energy. (rN+)
You are resistant to electric shocks. (rElec)
You are resistant to unholy torment.
You are immune to petrification.


Message History

Moving in this stuff is going to be slow.
An iguana, a rat and an ice beast come into view.
Found a scroll labelled MEUQEOJ KAUROS.
The iguana hisses angrily.
Found a dagger.
The river rat bites you.
* * * LOW HITPOINT WARNING * * *
The river rat bites you.
* * * LOW HITPOINT WARNING * * *
It was a potion of attraction.
You feel attractive to monsters. The iguana misses you.
The river rat barely misses you. The rat is pulled toward you! x2
Found a bronze wand.
Found Caipsaq's Armour Shop.
The rat is pulled toward you! The ice beast closely misses you.
The river rat is pulled toward you! The river rat barely misses you.
The rat is pulled toward you!
A hound comes into view.
The hound barks!
The rat is pulled toward you! The hound is pulled toward you!
The scorpion is pulled toward you! The hound is pulled toward you!
The rat is pulled toward you! The phantom is pulled toward you!
The scorpion is pulled toward you!
Found a staircase to the Ecumenical Temple.
The ice beast hits you but does no damage.
The hound closely misses you. The river rat barely misses you.
The rat is pulled toward you!
Found a dagger.
The rat barely misses you.
You riposte.
You hit the rat. You burn the rat.
You kill the rat!
The hound bites you but does no damage. The rat is pulled toward you!
An ice beast comes into view.
The ice beast moves out of view.
The phantom is pulled toward you! The ice beast is pulled toward you!
The scorpion stings you.
* * * LOW HITPOINT WARNING * * *
The hound bites you but does no damage. The phantom is pulled toward you!
The ice beast is pulled toward you!
You slash the ice beast!
You melt the ice beast.
The ice beast is heavily wounded.
The scorpion stings you!
You die...

.##... . #...§#≈#
....... #. #..≈≈≈≈#
######. # . #...≈#≈# .#
#.#.#####...≈≈≈#
...........#≈#
..#......≈≈≈#
#........≈≈##### ####
#..#rr.........# #..
...##@h..........# #.#
...>..YWsY†........#
#.##
##...)#...l...?....#
..<#
..#....#..............
#.##
#.#..#..)..........≈
..#
#...##.............≈..
..#
........#..####....≈./∩
..# ........#..#
.....≈. ..# .###.#..#
......


You could see a phantom, 2 ice beasts, a scorpion, an iguana, a hound, a river
rat and a rat.

Vanquished Creatures
  A scorpion (D:5)
  A hound (D:3)
  Terence (D:2)
  4 orc wizards (D:5)
  4 gnolls
  2 adders (D:2)
  A worm (D:2)
  9 orcs
  6 endoplasms
  3 giant cockroaches (D:1)
  6 goblins
  3 hobgoblins
  2 jackals (D:1)
  5 quokkas
  5 ball pythons
  7 bats
  5 frilled lizards
  12 kobolds
  4 rats
81 creatures vanquished.

Notes
Turn   | Place    | Note
-------+----------+-------------------------------------------
     0 | D:1      | Cykl0x the Gargoyle Gladiator began the quest for the Orb.
     0 | D:1      | Reached XP level 1. HP: 12/12 MP: 1/1
   389 | D:1      | Reached XP level 2. HP: 17/17 MP: 2/2
   485 | D:1      | Reached skill level 3 in Long Blades
   767 | D:1      | Reached XP level 3. HP: 22/22 MP: 3/3
   778 | D:1      | Reached skill level 1 in Armour
  1577 | D:2      | Reached XP level 4. HP: 27/27 MP: 4/4
  1939 | D:2      | Found a faded altar of an unknown god.
  2017 | D:2      | Noticed Terence
  2028 | D:2      | Killed Terence
  2431 | D:3      | Reached skill level 4 in Long Blades
  2431 | D:3      | Reached XP level 5. HP: 26/31 MP: 5/5
  3343 | D:4      | You fall into a shaft and drop 1 floor!
  3343 | D:5      | Entered Level 5 of the Dungeon
  3361 | D:5      | Reached XP level 6. HP: 34/36 MP: 6/6
  3377 | D:5      | Identified a scroll of acquirement
  3377 | D:5      | Acquired a manual of Spellcasting
  3655 | D:5      | Noticed an ice beast
  3660 | D:5      | Found Caipsaq's Armour Shop.
  3665 | D:5      | Found a staircase to the Ecumenical Temple.
  3667 | D:5      | Noticed an ice beast
  3669 | D:5      | Slain by a scorpion

Illustrated notes

Levels and vault maps discovered:
D:1:      nzn_arrival_depleted_hourglass, layout_basic, minmay_heptomino_d4
D:2:      layout_rooms, hellmonk_ecumenical_altar_defaced_shrine, uniq_terence
D:3:      layout_loops_ring
D:4:      layout_basic, chequers_temple_overflow_statue_of_worship,
          uniq_blork_the_orc
D:5:      layout_basic, lemuel_crystal_altar, minmay_temple_entry_mini_moons,
          lightli_sewer_entry_pipes, serial_shops, nicolae_diamond_shop

Skill      XL: |  1  2  3  4  5  6 |
---------------+-------------------+-----
Long Blades    | 3 4 |  4.6
Armour         | 1 2 3 |  3.5
Throwing       | 2 |  2.6
Fighting       | 3 |  3.0
Dodging        | |  2.8

Action                   |  1- 3 |  4- 6 || total
-------------------------+-------+-------++-------
Melee: Long sword        |   101 |   130 ||   231
Throw: Stone             |    11 |    28 ||    39
       Dart              |       |    16 ||    16
       Throwing net      |       |     3 ||     3
  Use: Scroll            |     3 |     5 ||     8
       Potion            |       |     1 ||     1
Armor: Leather armour    |    17 |       ||    17
       Ring mail         |    37 |     5 ||    42
       Scale mail        |       |    61 ||    61
Dodge: Dodged            |    66 |    61 ||   127
       Rpst.: Long sword |    23 |    19 ||    42
